 Dungeon Sprint DCSS version 0.30.0-29-ga12c61a403 (webtiles) character file.

Game seed: 7131912508907810149

12200000 Groucho the Axe Maniac (level 27, -93/228 HPs)
             Began as a Djinni Warper on June 24, 2023.
             Was the Champion of Makhleb.
             Annihilated by a destroyer
             ... wielding a +9 heavy great sword
              (155 damage)
             ... in the Dungeon (Sprint VIII: "Arena of Blood").
             The game lasted 00:05:19 (122 turns).

Groucho the Axe Maniac (Djinni Warper)               Turns: 122, Time: 00:05:19

Health: -93/228    AC:  6    Str: 10    XL:     27
Gold:   0          EV: 29    Int: 24    God:    Makhleb [******] SH:  0 Dex: 18

rFire   + + .        i - +∞ Axe of Woe
rCold   x . .        (shield currently unavailable)
rNeg    . . .        b - +0 leather armour
rPois   ∞            (no helmet)
rElec   .            (no cloak)
rCorr   .            (no gloves)
SInv    +            (boots unavailable)
Will    ++...        (no amulet)
Stlth   +++++++++    k - ring of see invisible
HPRegen 0.58/turn    (no ring)
MPRegen 0.00/turn

%: no teleportation, infuse magic (-94 HP)
@: flying, slowed, very slow
A: sickness immunity, fire resistance 2, cold vulnerability 1, float, innate
caster, HP casting, extra vitality 1
a: Renounce Religion, Minor Destruction, Lesser Servant of Makhleb, Major
Destruction, Greater Servant of Makhleb


You were in the Dungeon.
You worshipped Makhleb.
Makhleb was exalted by your worship.
You visited 1 branch

Inventory:

Hand Weapons
 a - a +0 hand axe
 i - the +∞ Axe of Woe (weapon)
   (You found it in the Dungeon)
Missiles
 d - 7 boomerangs of dispersal
Armour
 b - a +0 leather armour (worn)
Jewellery
 j - a +250 ring of slaying
 k - a ring of see invisible (left hand)
 l - a +250 ring of slaying
 m - a +200 ring of slaying
 n - a +200 ring of slaying
 o - a +200 ring of slaying
Scrolls
 c - 2 scrolls of blinking
Potions
 e - a potion of curing
 f - a potion of heal wounds
 g - a potion of haste
 h - a potion of berserk rage


   Skills:
 O Level 27 Fighting
 O Level 27 Short Blades
 O Level 27 Long Blades
 O Level 27 Axes
 O Level 27 Maces & Flails
 O Level 27 Polearms
 O Level 27 Staves
 O Level 27 Ranged Weapons
 O Level 27 Throwing
 O Level 27 Armour
 O Level 27 Dodging
 O Level 27 Stealth
 O Level 27 Shields
 O Level 27 Unarmed Combat
 O Level 27 Spellcasting
 O Level 27 Invocations
 O Level 27 Evocations


You knew the following spells:

 Your Spells              Type           Power      Damage    Failure   Level
a - Blink                 Tloc           100%       N/A       0%          2
b - Lesser Beckoning      Tloc           100%       N/A       0%          2
c - Vhi's Electric Charg  Tloc/Air       100%       N/A       0%          3
d - Teleport Other        Tloc           100%       N/A       0%          3
e - Manifold Assault      Tloc           100%       N/A       0%          4
f - Foxfire               Conj/Fire      100%       2x1d9     0%          1
g - Poisonous Vapours     Pois/Air       100%       N/A       0%          2
h - Stone Arrow           Conj/Erth      100%       3d13      0%          3
i - Cause Fear            Hex            52%        N/A       0%          4
j - Arcjolt               Conj/Air       52%        1d62      0%          5
k - Lee's Rapid Deconstr  Erth           52%        3d24*     0%          5
l - Dispersal             Tloc           52%        N/A       0%          6
m - Statue Form           Tmut/Erth      69%        N/A       0%          6
n - Enfeeble              Hex            52%        N/A       0%          7
o - Malign Gateway        Summ/Tloc      52%        N/A       0%          7
p - Necromutation         Tmut/Necr      52%        N/A       1%          8
q - Lehudib's Crystal Sp  Conj/Erth      52%        10d12     1%          8
r - Fire Storm            Conj/Fire      52%        8d13      1%          9
Your spell library was empty.

Dungeon Overview and Level Annotations

Branches:
Dungeon (1/1)

Altars:
Makhleb


Innate Abilities, Weirdness & Mutations

You are immune to sickness and miasma.
You are immune to poison.
Your flesh is very heat resistant. (rF++)
You are vulnerable to cold. (rC-)
You float through the air rather than walking.
You learn spells naturally, not from books.
Your magical power is your life essence.
You have superior vitality. (+4 MHP)


Message History

You kill the bag of meat!
Makhleb accepts your kill.
You feel better.
You slice the bag of meat!!
You cleave the bag of meat in twain.
You kill the bag of meat!
Makhleb accepts your kill.
You feel better.
You slice the bag of meat!!
You slaughter the bag of meat joyfully.
You blow up the bag of meat!
Makhleb accepts your kill.
You feel better.
The eight-headed meat hydra appears out of thin air!
An eight-headed meat hydra comes into view.
You hear a shout! x6
The eight-headed meat hydra calls on the powers of darkness!
The eight-headed meat hydra convulses!
The bag of meat convulses!
The large bag of meat convulses!
Flame seeps out of the large bag of meat.
The bag of meat convulses!
The fleshlord convulses!
The eight-headed meat hydra convulses!
The bag of meat convulses!
Your body is wracked with pain!
* * * LOW HITPOINT WARNING * * *
The destroyer gestures at you while chanting.
The destroyer blinks!
A fleshlord comes into view. It is wielding a +9 great mace.
You hear a shout! x2
The tyrant gestures wildly while chanting.
The tyrant seems to speed up.
A bag of meat comes into view. It is wielding a +9 war axe.
The bag of meat is engulfed in blazing flames.
The wretched soul breathes negative energy at you.
The bolt of negative energy misses you.
The destroyer is engulfed in blazing flames.
The destroyer points at you and mumbles some strange words.
The destroyer blinks!
The bag of meat shouts!
The destroyer attacks as you move away!
The destroyer hits you with a +9 heavy great sword!!!!!
Ouch! That really hurt!
You die...

.....).#_)<)_#..
....)).#†).))#o)o
.#...°°☼.)_)))op)..
.)...☼)○p###).D....
...###oO)..o)###..
.....#))..)D)#....
.....#)W.WoV.#...
.....)...))...)).
).......)@V...))L
....)).).V)..).)#
...))))))§)..)##)
..))#....)D..#†))
....)........#...
...##)#).))..)).)
....S)...)......) #
#....#.).).####
..............#.


You could see a tyrant (fast), 3 eight-headed meat hydras, 3 destroyers, a
scourge, 2 fleshlords, a large bag of meat (inner flame), a dread, a wretched
soul (invisible) and 6 bags of meat.

Vanquished Creatures
  10 hell knights (D)
  7 hell beasts (D)
  6 royal mummies (D)
  8 great orbs of eyes (D)
  12 wraiths (D)
  7 vampire knights (D)
  34 ogres (D)
  3 two-headed ogres (D)
  9 liches (D)
  8 hydras (D)
  4 phantoms (D)
  58 orcs (D)
  6 skeletal warriors (D)
  3 sea snakes (D)
175 creatures vanquished.

Vanquished Creatures (others)
  2 foxfires (D)
2 creatures vanquished.

Grand Total: 177 creatures vanquished

Notes
Turn   | Place    | Note
-------+----------+-------------------------------------------
     0 | D        | Found the +∞ Axe of Woe
     0 | D        | Groucho the Djinni Warper began the quest for the Orb.
     0 | D        | Groucho set off with the following spells memorised: Blink,
                  | Lesser Beckoning, Vhi's Electric Charge, Teleport Other,
                  | Manifold Assault.
     0 | D        | Reached XP level 1. HP: 18/18 MP: 0/0
     2 | D        | Noticed a bag of meat
     2 | D        | Noticed a bag of meat
     4 | D        | Became a worshipper of Makhleb the Destroyer
     4 | D        | Noticed a meat berserker
     4 | D        | Noticed a bag of meat
     4 | D        | Noticed a bag of meat
     4 | D        | Noticed a bag of meat
     5 | D        | Noticed a bag of meat
     6 | D        | Noticed a bag of meat
     8 | D        | Killed a bag of meat
     8 | D        | Killed a bag of meat
     8 | D        | Reached * piety under Makhleb
     8 | D        | Noticed a bag of meat
     8 | D        | Noticed a bag of meat
     8 | D        | Noticed a bag of meat
     8 | D        | Noticed a bag of meat
     8 | D        | Noticed a bag of meat
     9 | D        | Reached XP level 2. HP: 23/23 MP: 0/0
     9 | D        | Reached XP level 3. HP: 28/28 MP: 0/0
     9 | D        | Learned a level 1 spell: Foxfire
     9 | D        | Reached XP level 4. HP: 33/33 MP: 0/0
     9 | D        | Reached XP level 5. HP: 38/38 MP: 0/0
     9 | D        | Learned a level 2 spell: Poisonous Vapours
     9 | D        | Reached XP level 6. HP: 43/43 MP: 0/0
     9 | D        | Reached XP level 7. HP: 49/49 MP: 0/0
     9 | D        | Learned a level 3 spell: Stone Arrow
     9 | D        | Reached XP level 8. HP: 54/54 MP: 0/0
     9 | D        | Reached XP level 9. HP: 58/58 MP: 0/0
     9 | D        | Learned a level 4 spell: Cause Fear
     9 | D        | Reached XP level 10. HP: 64/64 MP: 0/0
     9 | D        | Reached XP level 11. HP: 68/68 MP: 0/0
     9 | D        | Learned a level 5 spell: Arcjolt
     9 | D        | Reached XP level 12. HP: 74/74 MP: 0/0
     9 | D        | Killed a bag of meat
     9 | D        | Killed a meat berserker
     9 | D        | Noticed a bag of meat
    10 | D        | Reached XP level 13. HP: 78/78 MP: 0/0
    10 | D        | Learned a level 5 spell: Lee's Rapid Deconstruction
    10 | D        | Reached XP level 14. HP: 85/85 MP: 0/0
    10 | D        | Killed a bag of meat
    10 | D        | Reached ** piety under Makhleb
    11 | D        | Reached skill level 15 in Spellcasting
    11 | D        | Killed a bag of meat
    12 | D        | Killed a bag of meat
    12 | D        | Killed a bag of meat
    12 | D        | Reached *** piety under Makhleb
    12 | D        | Noticed a meat berserker
    13 | D        | Reached XP level 15. HP: 89/89 MP: 0/0
    13 | D        | Learned a level 6 spell: Dispersal
    14 | D        | Killed a meat berserker
    14 | D        | Reached **** piety under Makhleb
    15 | D        | Reached skill level 27 in Axes
    15 | D        | Reached XP level 16. HP: 94/94 MP: 0/0
    16 | D        | Reached skill level 27 in Dodging
    17 | D        | Noticed a meat berserker
    18 | D        | Noticed a meat berserker
    18 | D        | Killed a meat berserker
    18 | D        | Killed a meat berserker
    18 | D        | Reached ***** piety under Makhleb
    18 | D        | Noticed a meat berserker
    19 | D        | Reached skill level 27 in Spellcasting
    19 | D        | Reached XP level 17. HP: 99/99 MP: 0/0
    19 | D        | Learned a level 6 spell: Statue Form
    19 | D        | Noticed a meat berserker
    19 | D        | Noticed a meat berserker
    20 | D        | Reached XP level 18. HP: 131/131 MP: 0/0
    20 | D        | Killed a meat berserker
    20 | D        | Reached ****** piety under Makhleb
    20 | D        | Killed a meat berserker
    21 | D        | Reached XP level 19. HP: 154/154 MP: 0/0
    21 | D        | Learned a level 7 spell: Enfeeble
    21 | D        | Killed a meat berserker
    21 | D        | Noticed a meat berserker
    22 | D        | Reached XP level 20. HP: 167/167 MP: 0/0
    22 | D        | Killed a meat berserker
    23 | D        | Noticed a destroyer
    24 | D        | Killed a destroyer
    25 | D        | Noticed a destroyer
    26 | D        | Reached XP level 21. HP: 186/186 MP: 0/0
    26 | D        | Learned a level 7 spell: Malign Gateway
    26 | D        | Killed a destroyer
    27 | D        | Reached skill level 27 in Fighting
    27 | D        | Reached skill level 27 in Armour
    27 | D        | Reached skill level 27 in Invocations
    27 | D        | Reached skill level 15 in Stealth
    27 | D        | Noticed a destroyer
    27 | D        | Noticed a meat berserker
    29 | D        | Killed a meat berserker
    29 | D        | Killed a destroyer
    29 | D        | Noticed a meat berserker
    30 | D        | Killed a meat berserker
    30 | D        | Noticed an eight-headed meat hydra
    31 | D        | Reached skill level 27 in Stealth
    31 | D        | Reached XP level 22. HP: 194/194 MP: 0/0
    31 | D        | Killed a nine-headed meat hydra
    31 | D        | Noticed a meat berserker
    32 | D        | Reached skill level 5 in Short Blades
    32 | D        | Reached skill level 5 in Long Blades
    32 | D        | Reached skill level 5 in Staves
    32 | D        | Reached skill level 5 in Throwing
    32 | D        | Killed a meat berserker
    34 | D        | Noticed a large bag of meat
    36 | D        | Reached skill level 10 in Shields
    36 | D        | Reached skill level 10 in Unarmed Combat
    36 | D        | Reached skill level 10 in Evocations
    36 | D        | Noticed a destroyer
    36 | D        | Killed a destroyer
    37 | D        | Reached skill level 10 in Maces & Flails
    37 | D        | Reached skill level 10 in Polearms
    37 | D        | Reached skill level 10 in Ranged Weapons
    37 | D        | Reached skill level 10 in Throwing
    37 | D        | Reached XP level 23. HP: 201/201 MP: 0/0
    37 | D        | Learned a level 8 spell: Necromutation
    37 | D        | Noticed a large bag of meat
    38 | D        | Killed a large bag of meat
    38 | D        | Killed a large bag of meat
    41 | D        | Noticed a destroyer
    42 | D        | Noticed a destroyer
    42 | D        | Killed a destroyer
    42 | D        | Killed a destroyer
    43 | D        | Reached skill level 15 in Short Blades
    43 | D        | Reached skill level 15 in Long Blades
    43 | D        | Reached skill level 15 in Staves
    43 | D        | Reached XP level 24. HP: 208/208 MP: 0/0
    45 | D        | Noticed an accursed
    45 | D        | Killed an accursed
    46 | D        | Reached skill level 15 in Maces & Flails
    46 | D        | Reached skill level 15 in Polearms
    46 | D        | Reached skill level 15 in Ranged Weapons
    46 | D        | Reached skill level 15 in Throwing
    46 | D        | Noticed a tyrant
    46 | D        | Noticed an accursed
    46 | D        | Killed an accursed
    46 | D        | Killed a tyrant
    47 | D        | Reached XP level 25. HP: 214/214 MP: 0/0
    47 | D        | Learned a level 8 spell: Lehudib's Crystal Spear
    49 | D        | Noticed a tyrant
    49 | D        | Killed a tyrant
    52 | D        | Noticed a tyrant
    53 | D        | Noticed an accursed
    53 | D        | Killed a tyrant
    54 | D        | Killed an accursed
    55 | D        | Reached XP level 26. HP: 221/221 MP: 0/0
    56 | D        | Noticed an accursed
    57 | D        | Killed an accursed
    57 | D        | Noticed a destroyer
    58 | D        | Killed a destroyer
    59 | D        | Reached XP level 27. HP: 228/228 MP: 0/0
    59 | D        | Learned a level 9 spell: Fire Storm
    59 | D        | Noticed a dread
    59 | D        | Killed a dread
    62 | D        | Noticed a dread
    63 | D        | Killed a dread
    64 | D        | Noticed a meat beast
    66 | D        | Noticed a dread
    67 | D        | Killed a dread
    68 | D        | Reached skill level 27 in Shields
    68 | D        | Reached skill level 27 in Unarmed Combat
    68 | D        | Reached skill level 27 in Evocations
    68 | D        | Noticed a meat beast
    71 | D        | Killed a meat beast
    71 | D        | Killed a meat beast
    71 | D        | Noticed a dread
    72 | D        | Reached skill level 27 in Short Blades
    72 | D        | Reached skill level 27 in Long Blades
    72 | D        | Reached skill level 27 in Maces & Flails
    72 | D        | Reached skill level 27 in Polearms
    72 | D        | Reached skill level 27 in Staves
    72 | D        | Reached skill level 27 in Ranged Weapons
    72 | D        | Reached skill level 27 in Throwing
    72 | D        | Killed a dread
    73 | D        | Noticed a tyrant
    74 | D        | Killed a tyrant
    74 | D        | Noticed a dread
    75 | D        | Killed a dread
    75 | D        | Noticed a meat beast
    77 | D        | Noticed a meat beast
    77 | D        | Killed a meat beast
    77 | D        | Killed a meat beast
    81 | D        | Noticed a meat beast
    82 | D        | Killed a meat beast
    83 | D        | Noticed a tyrant
    84 | D        | Noticed a tyrant
    85 | D        | Noticed a tyrant
    86 | D        | Killed a tyrant
    86 | D        | Killed a tyrant
    87 | D        | Killed a tyrant
    88 | D        | Noticed an accursed
    88 | D        | Noticed an accursed
    88 | D        | Killed an accursed
    89 | D        | Killed an accursed
    93 | D        | Noticed a dread
    93 | D        | Killed a dread
    98 | D        | Noticed a dread
    99 | D        | Noticed a dread
   101 | D        | Killed a dread
   101 | D        | Killed a dread
   103 | D        | Noticed a dread
   103 | D        | Killed a dread
   105 | D        | Noticed a dread
   105 | D        | Killed a dread
   106 | D        | Noticed a fleshlord
   106 | D        | Noticed a large bag of meat
   106 | D        | Noticed a tyrant
   107 | D        | Killed a fleshlord
   107 | D        | Noticed a meat beast
   108 | D        | Noticed a fleshlord
   108 | D        | Killed a large bag of meat
   108 | D        | Killed a tyrant
   108 | D        | Killed a meat beast
   108 | D        | Killed a fleshlord
   108 | D        | Noticed a dread
   109 | D        | Noticed an accursed
   109 | D        | Noticed a fleshlord
   110 | D        | Noticed a fleshlord
   110 | D        | Noticed a tyrant
   111 | D        | Killed a dread
   111 | D        | Killed a fleshlord
   111 | D        | Noticed a fleshlord
   112 | D        | Killed a tyrant
   112 | D        | Killed a fleshlord
   112 | D        | Noticed a meat beast
   112 | D        | Noticed a fleshlord
   113 | D        | Noticed a fleshlord
   113 | D        | Killed a fleshlord
   114 | D        | Killed a fleshlord
   114 | D        | Killed a fleshlord
   114 | D        | Killed a meat beast
   114 | D        | Noticed a fleshlord
   114 | D        | Noticed a fleshlord
   116 | D        | Noticed a dread
   116 | D        | Noticed a fleshlord
   117 | D        | Killed a fleshlord
   117 | D        | Noticed a destroyer
   117 | D        | Noticed a destroyer
   118 | D        | Killed a fleshlord
   118 | D        | Noticed a dread
   118 | D        | Noticed a large bag of meat
   119 | D        | Killed a fleshlord
   119 | D        | Killed a dread
   120 | D        | Noticed a fleshlord
   120 | D        | Noticed a destroyer
   120 | D        | Noticed a tyrant
   121 | D        | Noticed a fleshlord
   122 | D        | Annihilated by a destroyer

Illustrated notes

Levels and vault maps discovered:
D:        meatsprint

Skill      XL: |  1  2  3  4  5  6  7  8  9 10 11 12 13 14 15 16 17 18 19 20 21 22 23 24 25 26 27 |
---------------+----------------------------------------------------------------------------------+-----
Axes           | 17 21 24 27 | 27.0
Dodging        | 16 20 22 26 27 | 27.0
Spellcasting   | 12 14 16 19 27 | 27.0
Fighting       | 12 19 22 26 27 | 27.0
Armour         | 12 19 22 26 27 | 27.0
Invocations    | 12 19 22 26 27 | 27.0
Stealth        | 27 | 27.0
Short Blades   | 3 11 15 18 20 22 27 | 27.0
Long Blades    | 3 11 15 18 20 22 27 | 27.0
Maces & Flails | 3 10 13 16 19 21 27 | 27.0
Polearms       | 3 10 13 16 19 21 27 | 27.0
Staves         | 3 11 15 18 20 22 27 | 27.0
Ranged Weapons | 3 10 13 16 19 21 27 | 27.0
Throwing       | 3 10 13 16 19 21 27 | 27.0
Shields        | 3 12 16 19 22 24 27 | 27.0
Unarmed Combat | 3 12 16 19 22 24 27 | 27.0
Evocations     | 3 12 16 19 22 24 27 | 27.0

Action                     |  1- 3 |  4- 6 |  7- 9 | 10-12 | 13-15 | 16-18 | 19-21 | 22-24 | 25-27 || total
---------------------------+-------+-------+-------+-------+-------+-------+-------+-------+-------++-------
  Melee: Executioner's axe |     1 |       |       |     1 |     7 |    13 |    13 |    16 |   118 ||   169
   Cast: Manifold Assault  |       |       |       |       |     1 |     4 |     7 |     9 |    39 ||    60
         Foxfire           |       |       |       |       |       |       |     1 |       |       ||     1
         Fire Storm        |       |       |       |       |       |       |       |       |     1 ||     1
 Invoke: Major Destruction |       |       |       |       |       |       |       |       |     1 ||     1
   Stab: Distracted        |       |       |       |       |       |       |       |     1 |       ||     1
  Dodge: Dodged            |     1 |       |       |       |       |       |       |       |     1 ||     2
